 Dungeon Crawl Stone Soup version 0.18.1-6-gd335043 (webtiles) character file.

9858 Hipnos the Blocker (level 11, -3/84 HPs)
             Began as a Demonspawn Fighter on May 16, 2016.
             Was a Priest of Qazlal.
             Slain by a komodo dragon (22 damage)
             ... on level 2 of the Lair of Beasts.
             The game lasted 00:26:18 (10857 turns).

Hipnos the Blocker (Demonspawn Fighter)            Turns: 10857, Time: 00:26:19

Health: -3/84      AC: 19    Str: 23    XL:     11   Next: 28%
Magic:  15/15      EV:  5    Int: 10    God:    Qazlal [***...]
Gold:   460        SH:  0    Dex: 13    Spells: 0 memorised, 10 levels left

rFire  + + +     SeeInvis .     a - +7 long sword (slice)
rCold  . . .     Gourm    .     g - +2 plate armour
rNeg   + . .     Faith    .     y - +2 shield "Cuumej" {rF+++ Str+4 Stlth-}
rPois  .         Spirit   .     (no helmet)
rElec  .         Dismiss  .     (no cloak)
rCorr  .         Reflect  .     F - +0 pair of gloves (curse)
SustAt +         Harm     .     (no boots)
MR     .....                    (no amulet)
Stlth  ..........               d - ring of positive energy
                                L - ring of sustain attributes

@: confused, lethally poisoned (-3 -> -21), not resistant to hostile
enchantments, extremely unstealthy
A: talons 1, icy blue scales 2, nightstalker 1, sense surroundings 1, spiny 2
a: Upheaval, Elemental Force, Renounce Religion


You were on level 2 of the Lair of Beasts.
You worshipped Qazlal.
Qazlal was most pleased with you.
You were not hungry.

You visited 2 branches of the dungeon, and saw 12 of its levels.

You collected 691 gold pieces.
You spent 231 gold pieces at shops.

Inventory:

Hand Weapons
 a - a +7 long sword of slicing (weapon)
Armour
 b - a +0 scale mail
 c - a +0 shield
 g - a +2 plate armour (worn)
 y - the +2 shield "Cuumej" (worn) {rF+++ Str+4 Stlth-}
   (You found it on level 7 of the Dungeon)

   It affects your strength (+4).
   It renders you almost immune to fire.
   It makes you less stealthy.
 E - a +0 troll leather armour
 F - a cursed +0 pair of gloves (worn)
Magical Staves
 J - an uncursed staff of wizardry
Jewellery
 d - a ring of positive energy (right hand)
 o - an uncursed ring of stealth
 L - a ring of sustain attributes (left hand)
Wands
 v - a wand of lightning (4/15)
Scrolls
 e - a scroll of recharging {unknown}
 h - 4 scrolls of teleportation
 i - 3 scrolls of magic mapping
 l - a scroll of fog {unknown}
 m - 4 scrolls of remove curse
 p - a scroll of blinking {unknown}
 s - a scroll of fear {unknown}
 t - a scroll of noise {unknown}
 x - a scroll of random uselessness {unknown}
 I - a scroll of acquirement {unknown}
 K - 3 scrolls of identify
Potions
 j - 2 potions of flight
 k - a potion of cancellation
 u - a potion of ambrosia
 z - 2 potions of might
Books
 q - a book of Conjurations

   Spells                             Type                      Level
   a - Magic Dart                     Conjuration                  1
   b - Searing Ray                    Conjuration                  2
   c - Dazzling Spray                 Conjuration/Hexes            3
   d - Fulminant Prism                Conjuration/Hexes            4
   e - Iskenderun's Mystic Blast      Conjuration                  4
   f - Iskenderun's Battlesphere      Conjuration/Charms           5
 A - the Papyrus of Boosts
   (You found it on level 7 of the Dungeon)

   Spells                             Type                      Level
   a - Repel Missiles                 Charms/Air                   2
   b - Regeneration                   Charms/Necromancy            3
   c - Excruciating Wounds            Charms/Necromancy            5
 H - a book of Maledictions

   Spells                             Type                      Level
   a - Corona                         Hexes                        1
   b - Ensorcelled Hibernation        Hexes/Ice                    2
   c - Confuse                        Hexes                        3
   d - Tukima's Dance                 Hexes                        3
   e - Dazzling Spray                 Conjuration/Hexes            3
Comestibles
 f - 3 bread rations
 n - 7 meat rations
 r - 4 slices of pizza
 w - a beef jerky
 B - 7 chunks of flesh
 C - a royal jelly
 D - 3 fruits


   Skills:
 + Level 7.4 Fighting
 * Level 9.1 Long Blades
 + Level 7.2 Armour
 + Level 2.4 Dodging
 + Level 9.3 Shields
 * Level 6.1 Invocations


You had 10 spell levels left.
You didn't know any spells.

Dungeon Overview and Level Annotations

Branches:
Dungeon (10/15)            Temple (0/1) D:6            Lair (1/8) D:10
    Orc (0/2) D:10

Altars:
Ashenzari
Dithmenos
Gozag
Kikubaaqudgha
Nemelex Xobeh
Pakellas
Qazlal
Ru
Vehumet
Xom
Yredelemnul
Zin

Shops:
D:4 ?   D:7 *   D:9 }


Innate Abilities, Weirdness & Mutations

You have sharp toenails.
You are mostly covered in icy blue scales (AC +3, EV -1).
You are slightly more attuned to the shadows.
You are mostly covered in sharp spines.
You passively map a small area around you.


Message History

You closely miss the komodo dragon.
You claw the komodo dragon, but do no damage.
The komodo dragon is heavily wounded.
* * * LOW HITPOINT WARNING * * *
You feel very sick. The komodo dragon bites you!
* * * LOW HITPOINT WARNING * * *
Drink which item? (? for menu, Esc to quit)
You are confused.
You feel invigorated.
* * * LOW HITPOINT WARNING * * *
You feel sick. The komodo dragon barely misses you.
* * * LOW HITPOINT WARNING * * *
You feel sick.
You hit the komodo dragon. Your kick misses the komodo dragon.
The komodo dragon is heavily wounded.
* * * LOW HITPOINT WARNING * * *
You feel very sick. The komodo dragon bites you!!
You die...

.#### *.#.## ##...## *,
#.....# ##..### *
#.....### *,
##.......### * *
#..........## * *
#.........@l## *# ,.,
###÷.P.>.....#r####.##..
#P..####....###.#.#.....
##..# ###### ##l#§..?..,
##.#...# #.#....... ,,
#......## ##r†...... ,
#.......### P.........
##.........###
*#..........
#..........#.#
*............ ,


You could see a komodo dragon, a basilisk and a river rat.

Vanquished Creatures
  Sonja (D:10)
  A black mamba (Lair:2)
  A komodo dragon (Lair:1)
  A troll (D:9)
  A two-headed ogre (D:9)
  A wraith (D:10)
  6 yaks (D:10)
  Grum (D:10)
  A steam dragon (D:10)
  2 wargs (D:10)
  A hungry ghost (D:9)
  A soldier ant (D:10)
  2 porcupines (Lair:1)
  2 black bears
  5 phantoms
  3 sky beasts
  7 orc warriors
  3 ice beasts
  2 necrophages
  4 ogres
  6 wolves
  5 centaurs
  A crocodile (Lair:2)
  A big kobold (D:10)
  4 giant frogs
  18 killer bees
  A howler monkey (D:6)
  2 crimson imps
  3 hounds
  A jelly (D:8)
  A quasit (D:9)
  A giant frog skeleton (D:10)
  A giant frog zombie (D:8)
  10 orc priests
  13 orc wizards
  3 centaur skeletons
  A gnoll shaman (D:6)
  2 iguanas
  13 worker ants
  A killer bee zombie (D:10)
  2 hound skeletons
  The ghost of Charly the Ruffian, a weakling VSTm (D:3)
  A worker ant zombie (D:6)
  Robin (D:4)
  10 gnolls
  9 adders
  9 river rats
  A shadow imp (D:6)
  2 adder skeletons
  An adder zombie (D:6)
  5 worms
  A dart slug (D:1)
  5 giant geckos
  46 orcs
  2 ball pythons
  6 bats
  9 giant cockroaches
  2 gnoll zombies (D:3)
  26 goblins
  10 hobgoblins
  14 jackals
  3 quokkas
  4 giant newts
  A jackal skeleton (D:8)
  10 kobolds
  A quokka skeleton (D:8)
  4 rats
  4 fungi
324 creatures vanquished.

Vanquished Creatures (others)
  3 withered plants (D:6)
3 creatures vanquished.

Grand Total: 327 creatures vanquished

Notes
Turn   | Place    | Note
--------------------------------------------------------------
     0 | D:1      | Hipnos the Demonspawn Fighter began the quest for the Orb.
     0 | D:1      | Reached XP level 1. HP: 18/18 MP: 1/1
   157 | D:1      | Gained mutation: You are partially covered in sharp spines. [demonic ancestry]
   157 | D:1      | Reached XP level 2. HP: 24/24 MP: 2/2
   491 | D:1      | Gained mutation: You are slightly more attuned to the shadows. [demonic ancestry]
   491 | D:1      | Reached XP level 3. HP: 29/29 MP: 3/3
   690 | D:2      | Found a faded altar to an unknown god.
  1186 | D:2      | Found a radiant altar of Vehumet.
  1558 | D:2      | Reached XP level 4. HP: 36/36 MP: 4/4
  2055 | D:3      | Found a shattered altar of Ashenzari.
  2132 | D:3      | Gained mutation: You are mostly covered in sharp spines. [demonic ancestry]
  2132 | D:3      | Reached XP level 5. HP: 42/42 MP: 5/5
  2180 | D:3      | Found a basalt altar of Yredelemnul.
  2229 | D:3      | Noticed Charly's ghost (weakling VSTm)
  2235 | D:3      | Killed Charly's ghost
  2429 | D:4      | Noticed an ogre
  2432 | D:4      | Killed an ogre
  2457 | D:4      | Reached XP level 6. HP: 44/48 MP: 6/6
  2705 | D:4      | Found a sparkling altar of Nemelex Xobeh.
  2740 | D:4      | Found Hoaf's Magic Scroll Boutique.
  2743 | D:4      | Bought a scroll of enchant weapon for 75 gold pieces
  2743 | D:4      | Bought a scroll of enchant weapon for 75 gold pieces
  2749 | D:4      | Gained mutation: You passively map a small area around you. [potion of beneficial mutation]
  2935 | D:4      | Reached XP level 7. HP: 54/55 MP: 7/7
  2950 | D:4      | Found a sacrificial altar of Ru.
  3432 | D:4      | Noticed Robin
  3443 | D:4      | Killed Robin
  3725 | D:5      | Entered Level 5 of the Dungeon
  3818 | D:5      | Found a stormy altar of Qazlal.
  3825 | D:5      | Became a worshipper of Qazlal Stormbringer
  4085 | D:5      | Reached skill level 5 in Fighting
  4672 | D:5      | Found a shimmering altar of Xom.
  4673 | D:5      | Found a glowing silver altar of Zin.
  4673 | D:5      | Noticed an angel
  4797 | D:5      | Reached skill level 5 in Shields
  4797 | D:5      | Reached XP level 8. HP: 57/62 MP: 8/8
  5067 | D:6      | Reached skill level 5 in Long Blades
  5075 | D:6      | HP: 1/63 [ogre/giant club (17)]
  5472 | D:6      | Found a staircase to the Ecumenical Temple.
  5480 | D:6      | Reached skill level 1 in Dodging
  5490 | D:6      | Reached skill level 5 in Armour
  6216 | D:6      | Reached * piety under Qazlal
  6757 | D:6      | Found an ancient bone altar of Kikubaaqudgha.
  6775 | D:6      | Gained mutation: You have sharp toenails. [demonic ancestry]
  6775 | D:6      | Reached XP level 9. HP: 69/69 MP: 9/9
  6805 | D:6      | Found a shadowy altar of Dithmenos.
  7106 | D:7      | Got a faintly humming shield
  7142 | D:7      | Identified the +2 shield "Cuumej" {rF+++ Str+4 Stlth-} (You found it on level 7 of the Dungeon)
  7246 | D:7      | Found Eqaa's Assorted Antiques.
  7304 | D:7      | Bought a pair of gloves for 81 gold pieces
  7580 | D:7      | Identified the Papyrus of Boosts
  7681 | D:7      | Reached ** piety under Qazlal
  8010 | D:8      | Reached skill level 1 in Invocations
  8283 | D:8      | Reached *** piety under Qazlal
  8520 | D:9      | Gained mutation: You are partially covered in icy blue scales (AC +1). [demonic ancestry]
  8520 | D:9      | Reached XP level 10. HP: 75/77 MP: 10/12
  8969 | D:9      | Found a stormy altar of Qazlal.
  9104 | D:9      | Found an oddly glowing altar of Pakellas.
  9104 | D:9      | Found Pakellas's Prime Provisions.
  9447 | D:10     | Entered Level 10 of the Dungeon
  9477 | D:10     | Noticed Sonja
  9509 | D:10     | Killed Sonja
  9653 | D:10     | Reached skill level 5 in Invocations
  9829 | D:10     | Noticed Grum
  9836 | D:10     | Killed Grum
  9873 | D:10     | Found a staircase to the Lair.
 10110 | D:10     | Gained mutation: You are mostly covered in icy blue scales (AC +3, EV -1). [demonic ancestry]
 10110 | D:10     | Reached XP level 11. HP: 68/84 MP: 3/15
 10195 | D:10     | Found a staircase to the Orcish Mines.
 10303 | Lair:1   | Entered Level 1 of the Lair of Beasts
 10583 | Lair:1   | Found an opulent altar of Gozag.
 10717 | Lair:1   | You fall through a shaft!
 10857 | Lair:2   | Slain by a komodo dragon

Skill      XL: |  1  2  3  4  5  6  7  8  9 10 11 |
---------------+----------------------------------+-----
Shields        | 3 4 5 7 8 9 |  9.3
Long Blades    | 2 3 4 6 7 8 9 |  9.1
Armour         | 3 4 5 6 7 |  7.2
Fighting       | 4 5 6 7 |  7.4
Dodging        | 1 2 |  2.4
Invocations    | 2 5 6 |  6.1

Action                   |  1- 3 |  4- 6 |  7- 9 | 10-12 || total
-------------------------+-------+-------+-------+-------++-------
Melee: Long sword        |    78 |   105 |   359 |   210 ||   752
       Kick              |       |       |    32 |    59 ||    91
Invok: Upheaval          |       |       |       |     4 ||     4
  Use: Scroll            |       |     6 |    15 |       ||    21
       Potion            |       |     1 |     4 |     4 ||     9
 Stab: Invisible         |       |       |     1 |     4 ||     5
  Eat: Chunk             |     2 |     5 |    18 |     7 ||    32
       Beef jerky        |       |       |       |     1 ||     1
Armor: Plate armour      |    41 |    49 |   178 |    81 ||   349
       Scale mail        |     2 |       |       |       ||     2
Dodge: Dodged            |     3 |     6 |    52 |    29 ||    90
Block: Shield            |    33 |    52 |   268 |   243 ||   596
